 Dungeon Crawl Stone Soup version 0.31-a0-408-gb642c7f9a3 (webtiles) character file.

Game seed: 8723174277695994801

420 floatRand the Ruffian (level 6, 0/47 HPs)
             Began as a Draconian Shapeshifter on July 29, 2023.
             Slain by a sky beast (6 damage)
             ... on level 5 of the Dungeon.
             The game lasted 00:03:30 (4005 turns).

floatRand the Ruffian (Draconian Shapeshifter)      Turns: 4005, Time: 00:03:31

Health: 0/47       AC:  6    Str: 18    XL:     6   Next: 62%
Magic:  6/6        EV: 12    Int:  8    God:
Gold:   286        SH:  0    Dex: 13    Spells: 5/5 levels left

rFire   . .          .
                       - Unarmed
rCold   . . .        (no shield)
rNeg    . . .        (body armour unavailable)
rPois   .            (helmet currently unavailable)
rElec   .            (cloak currently unavailable)
rCorr   .            (gloves currently unavailable)
SInv    .            (boots currently unavailable)
Will    .....        (no amulet)
Stlth   +            (no ring)
HPRegen 0.27/turn    (no ring)
MPRegen 0.10/turn

%: no passive effects
@: beast-form
A: beast (slay +3), AC +6, unfitting armour, cold-blooded
a: Begin Untransformation


You were on level 5 of the Dungeon.
You were a hulking beast.
You visited 1 branch of the dungeon, and saw 5 of its levels.

You collected 286 gold pieces.

Inventory:

Missiles
 j - 3 throwing nets
Armour
 e - a scarf of invisibility
 f - a +1 pair of boots
 i - a +0 pair of gloves
 l - a +0 buckler
Jewellery
 d - a ring of ice
 o - a ring of magical power
 r - a ring of ice
Talismans
 b - a beast talisman
 x - a maw talisman
Wands
 v - a wand of flame (21)
Scrolls
 g - a scroll of enchant armour
 u - a scroll of revelation
Potions
 a - a potion of lignification
 c - a potion of ambrosia
 h - a potion of haste {unknown}
 k - a potion of invisibility {unknown}
 q - 2 potions of brilliance {unknown}
 t - 2 potions of attraction {unknown}
 w - a potion of heal wounds {unknown}
 z - 2 potions of enlightenment {unknown}


   Skills:
 - Level 1.1 Fighting
 - Level 1.7 Dodging
 * Level 6.4 Unarmed Combat
 + Level 4.4 Shapeshifting


You had 5 spell levels left.
You didn't know any spells.
Your spell library contained the following spells:

 Spells                   Type           Power      Damage    Failure   Level
 Magic Dart               Conj           0%         1d3       41%         1
 Searing Ray              Conj           0%         2d4       54%         2
 Fulminant Prism          Conj/Hex       0%         3d5       99%         4


Dungeon Overview and Level Annotations

Branches:
Dungeon (5/15)
 Temple: D:4-7

Altars:
Elyvilon
Makhleb


Innate Abilities, Weirdness & Mutations

You are a hulking beast.
Your limbs bulge with bestial killing power. (Slay +3)
Your plain brown scales are hard. (AC +6)
You cannot fit into any form of body armour.
You are cold-blooded and may be slowed by cold attacks.


Message History

The sky beast hits you. The sky beast shocks you.
Unknown command.
You are too injured to fight recklessly!
You closely miss the sky beast. You tail-slap the sky beast.
The sky beast is moderately wounded.
The sky beast hits you. The sky beast shocks you.
* * * LOW HITPOINT WARNING * * *
Unknown command.
You closely miss the sky beast.
The sky beast is moderately wounded.
The sky beast closely misses you.
You hit the sky beast but do no damage.
The sky beast is moderately wounded.
You closely miss the sky beast.
The sky beast is moderately wounded.
The sky beast hits you but does no damage.
You closely miss the sky beast.
The sky beast is moderately wounded.
The sky beast closely misses you.
You closely miss the sky beast.
Your tail-slap misses the sky beast.
The sky beast is moderately wounded.
The sky beast hits you but does no damage.
You hit the sky beast.
The sky beast is heavily wounded.
The sky beast barely misses you.
You barely miss the sky beast. You tail-slap the sky beast.
The sky beast is severely wounded.
The sky beast hits you but does no damage.
You hit the sky beast but do no damage.
The sky beast is severely wounded.
The sky beast flickers out of sight!
Deactivating autopickup; reactivate with Ctrl-A.
Something hits you.
* * * LOW HITPOINT WARNING * * *
Something shocks you.
* * * LOW HITPOINT WARNING * * *
You barely miss something.
Your tail-slap misses something.
Something hits you.
* * * LOW HITPOINT WARNING * * *
Something shocks you.
You die...

#..... .# ...
#.......####### ...
#....##[......# # ....
#.##.##.......# ##....
#.##.##.......# ....
####.##.##.......# (#
#................# .#
#.###............#
.########.###...h{.......#
...##.....#..............#
...##.#.....######.......#
.........#### ###.#####
......#..# ... .###.....#
.... ........## .....
.#......######. .....
.......).......


There were no monsters in sight!

Vanquished Creatures
  An ice beast (D:3)
  An orc priest (D:4)
  Jessica (D:2)
  An iguana (D:4)
  An orc wizard (D:4)
  Natasha (thrice) (D:3)
  3 gnolls (D:2)
  3 adders
  A white imp (D:5)
  4 worms
  4 orcs
  4 ball pythons (D:2)
  5 bats
  5 endoplasms
  7 giant cockroaches
  6 goblins
  4 hobgoblins
  3 jackals (D:2)
  3 quokkas
  2 frilled lizards
  5 kobolds
  9 rats
76 creatures vanquished.

Vanquished Creatures (others)
  An orc wizard (D:4)
1 creature vanquished.

Grand Total: 77 creatures vanquished

Notes
Turn   | Place    | Note
-------+----------+-------------------------------------------
     0 | D:1      | floatRand the Draconian Shapeshifter began the quest for
                  | the Orb.
     0 | D:1      | Reached XP level 1. HP: 16/16 MP: 1/1
   295 | D:1      | Reached XP level 2. HP: 23/23 MP: 2/2
   909 | D:2      | Reached XP level 3. HP: 25/28 MP: 3/3
   929 | D:2      | Reached skill level 4 in Unarmed Combat
   974 | D:2      | Noticed Jessica
   978 | D:2      | Killed Jessica
  1057 | D:2      | Reached XP level 4. HP: 30/35 MP: 4/4
  1685 | D:3      | Found a burning altar of Makhleb.
  1695 | D:3      | Noticed Natasha
  1699 | D:3      | Killed Natasha
  1700 | D:3      | Reached skill level 5 in Unarmed Combat
  1700 | D:3      | Reached XP level 5. HP: 35/40 MP: 5/5
  1953 | D:3      | Noticed Natasha
  1962 | D:3      | Killed Natasha
  2048 | D:3      | Noticed an ice beast
  2059 | D:3      | Killed an ice beast
  2060 | D:3      | Reached XP level 6. HP: 47/47 MP: 6/6
  2169 | D:3      | You fall into a shaft and drop 1 floor!
  2207 | D:4      | Found a white marble altar of Elyvilon.
  2258 | D:4      | Reached skill level 6 in Unarmed Combat
  2732 | D:4      | Identified the +9 spear "Sikhecio" {antimagic, rF+}
  3449 | D:3      | Noticed Natasha
  3456 | D:3      | Killed Natasha
  3879 | D:5      | Entered Level 5 of the Dungeon
  3931 | D:5      | Identified the +4 arbalest "Worm's Wrath" {speed, rF+}
  3976 | D:5      | Noticed a sky beast
  4005 | D:5      | Slain by a sky beast

Illustrated notes

Levels and vault maps discovered:
D:1:      ncdulo_wetmaze, layout_loops_ring, ebering_dispersal_statue_hall
D:2:      layout_basic, uniq_jessica
D:3:      layout_basic, bloody_makhleb, amcnicky_mini_pool_small,
          minmay_misc_feat_room, uniq_natasha
D:4:      layout_loops_corners, mainiacjoe_overflow_brackets
D:5:      layout_rooms, nicolae_gozag_cash_rules_everything_around_me,
          nicolae_dithmenos_shadow_blocks, mainiacjoe_overflow_catwalk

Skill      XL: |  1  2  3  4  5  6 |
---------------+-------------------+-----
Unarmed Combat | 4 5 6 |  6.4
Shapeshifting  | 4 |  4.4
Fighting       | |  1.1
Dodging        | |  1.7

Action                     |  1- 3 |  4- 6 || total
---------------------------+-------+-------++-------
  Melee: Unarmed           |    49 |   184 ||   233
         Tailslap          |     3 |    19 ||    22
         Punch             |     2 |     1 ||     3
    Use: Potion            |       |     1 ||     1
         Scroll            |       |     8 ||     8
   Stab: Sleeping          |     4 |     3 ||     7
 Armour: Skin              |    12 |    61 ||    73
  Dodge: Dodged            |    23 |    66 ||    89

Table legend: (Time is in decaauts)
 A = Elapsed time spent in this place.
 B = Non-inter-level travel time spent in this place.
 C = Inter-level travel time spent in this place.
 D = Time resting spent in this place.
 E = Time spent auto-exploring this place.
 F = Levels seen in this place.
 G = Mean time per level.
                   A        B        C        D        E       F      G
               +--------+--------+--------+--------+--------+-----+--------+
         Total |   3990 |   3695 |    295 |    293 |   2675 |   5 |  798.0 |
       Dungeon |   3990 |   3695 |    295 |    293 |   2675 |   5 |  798.0 |
               +--------+--------+--------+--------+--------+-----+--------+

Top non-repeatable levels by time:
     D:3: 1137 daAuts
     D:4: 1060 daAuts
     D:2: 905 daAuts
     D:1: 764 daAuts
     D:5: 122 daAuts
